 Dungeon Crawl Stone Soup version 0.22-a0-252-gcace5d2 (webtiles) character file.

12824 mhoghedin the Blocker (level 12, -4/82 HPs)
             Began as a Halfling Fighter on Mar 1, 2018.
             Was a Priest of Trog.
             Slain by a crocodile (10 damage)
             ... on level 2 of the Lair of Beasts.
             The game lasted 00:30:32 (10551 turns).

mhoghedin the Blocker (Halfling Fighter)           Turns: 10551, Time: 00:30:33

Health: -4/82      AC: 15    Str: 24    XL:     12   Next: 25%
Magic:  16/16      EV: 13    Int:  6    God:    Trog [***...]
Gold:   1000       SH: 14    Dex: 15    Spells: 11/11 levels left

rFire    . . .     SeeInvis .   i - +0 rapier (drain)
rCold    . . .     Gourm    .   c - +1 shield
rNeg     . . .     Faith    .   E - +0 plate armour
rPois    .         Spirit   .   (no helmet)
rElec    .         Reflect  .   (no cloak)
rCorr    .         Harm     .   (no gloves)
MR       +....                  d - +0 pair of boots
Stlth    ..........             q - amulet of rage {+Rage, !d}
HPRegen  0.23/turn              j - +3 ring of strength
MPRegen  0.15/turn              y - ring of protection from magic {MR+, !d}

@: lethally poisoned (-4 -> -10), berserk cooldown, slowed, very slow
A: small, mutation resistance 1
a: Berserk, Trog's Hand, Renounce Religion, Evoke Berserk Rage


You were on level 2 of the Lair of Beasts.
You worshipped Trog.
Trog was most pleased with you.
You were not hungry.

You visited 2 branches of the dungeon, and saw 12 of its levels.
You also visited: Ice Cave.

You collected 1000 gold pieces.

Inventory:

Hand Weapons
 a - a +0 long sword of venom
 i - a +0 rapier of draining (weapon)
   (You found it on level 5 of the Dungeon)
 u - a +0 short sword of electrocution
   (You found it on level 5 of the Dungeon)
Armour
 c - a +1 shield (worn)
 d - a +0 pair of boots (worn)
   (You found it on level 2 of the Dungeon)
 E - a +0 plate armour (worn)
   (You found it on level 8 of the Dungeon)
Jewellery
 h - the ring of Poid {rC+++ rN+ MP+9 Str-5}
   (You found it in an ice cave)

   [ring of positive energy]

   It affects your strength (-5).
   It renders you almost immune to cold.
   It protects you from negative energy.
   It affects your magic capacity (+9).
 j - a +3 ring of strength (left hand)
   (You found it in an ice cave)
 m - an uncursed ring of flight {+Fly, !d}
   (You found it in an ice cave)
 q - an amulet of rage (around neck) {+Rage, !d}
   (You found it on level 4 of the Dungeon)
 x - an uncursed ring of stealth {Stlth+}
   (You found it in an ice cave)
 y - a ring of protection from magic (right hand) {MR+, !d}
   (You found it on level 10 of the Dungeon)
Wands
 l - a wand of scattershot (5)
   (You found it on level 1 of the Lair of Beasts)
 C - a wand of digging (4)
   (You found it on level 7 of the Dungeon)
 F - a wand of clouds (1)
   (You found it on level 9 of the Dungeon)
Scrolls
 b - a scroll of fog {unknown}
 g - 4 scrolls of remove curse
 k - 6 scrolls of teleportation
 s - 2 scrolls of enchant weapon
 w - a scroll of enchant armour
Potions
 e - 3 potions of curing
 n - 4 potions of magic
 o - 3 potions of berserk rage {!q}
 p - 4 potions of brilliance
 r - a potion of resistance
 v - 2 potions of might
 z - 3 potions of haste
 D - 2 potions of agility
Miscellaneous
 H - a fan of gales
   (You found it on level 10 of the Dungeon)
Comestibles
 f - 16 rations


   Skills:
 + Level 8.0 Fighting
 + Level 8.3 Long Blades
 + Level 9.4 Armour
 + Level 8.7 Dodging
 + Level 9.4 Shields
 + Level 5.9 Evocations


You had 11 spell levels left.
You didn't know any spells.

Dungeon Overview and Level Annotations

Branches:
Dungeon (10/15)            Temple (0/1) D:7            Lair (2/6) D:10
  Swamp (0/4) Lair:2          Orc (0/2) D:10
  Snake: Lair:2-4    Spider: Lair:2-4

Altars:
Gozag
Nemelex Xobeh
Sif Muna
Trog

Shops:
D:6 *?}}   D:10 =%

Annotations:
D:3 Kite's ghost, amateur MiBe
Lair:1 exclusion: 3 oklob plants


Innate Abilities, Weirdness & Mutations

You are small and have problems with some larger weapons.
You are somewhat resistant to further mutation.


Message History

No target in view!
No target in view!
No target in view!
No target in view!
No target in view!
No target in view!
You are feeling hungry.
Partly explored, can't reach some places.
Health restored: 82 Partly explored, can't reach some places.
(D) Dungeon (T) Temple (L) Lair (O) Orcish Mines
Where to? (? - help)
There is a stone staircase leading down here.
You climb downwards.
There is a stone staircase leading up here.
You eat one of the 16 rations.
That ration really hit the spot!
An electric eel comes into view.
An electric eel is nearby!
Aim: an electric eel (water)
Okay, then.
The electric eel shoots out a bolt of lightning at you!
The bolt of electricity hits you!
You take 8 damage, and have 74/82 hp.
A crocodile comes into view.
The electric eel shoots out a bolt of lightning at you!
The bolt of electricity hits you!
Found a staircase to the Swamp.
You take 11 damage, and have 63/82 hp.
The electric eel shoots out a bolt of lightning at you!
The bolt of electricity hits you!
You take 10 damage, and have 53/82 hp.
The electric eel shoots out a bolt of lightning at you!
The bolt of electricity hits you!
You take 11 damage, and have 42/82 hp.
A komodo dragon comes into view.
The komodo dragon hisses angrily.
A spiny frog comes into view.
You see here a ration.
f - 16 rations (gained 1)
The spiny frog croaks.
A red film seems to cover your vision as you go berserk!
You feel yourself moving faster!
You feel mighty!
You feel a lot more hungry.
A bullfrog comes into view.
You now have 67/123 hp.
You are too injured to fight recklessly!
You are too injured to fight recklessly!
You are too injured to fight recklessly!
The bullfrog croaks.
You hit the komodo dragon. You drain the komodo dragon!
The komodo dragon misses you.
Your shield and plate armour prevent you from hitting the komodo dragon.
The komodo dragon bites you.
You take 2 damage, and have 65/123 hp.
You hit the komodo dragon but do no damage.
You block the crocodile's attack.
You hit the komodo dragon. You drain the komodo dragon!
You block the komodo dragon's attack.
You barely miss the komodo dragon. The crocodile closely misses you.
You block the komodo dragon's attack.
You puncture the komodo dragon! You drain the komodo dragon!
You block the spiny frog's attack.
The crocodile bites you but does no damage.
You closely miss the komodo dragon. The komodo dragon bites you!
You take 7 damage, and have 59/123 hp.
You hit the komodo dragon. You drain the komodo dragon!
You block the spiny frog's attack. The bullfrog hits you.
You block the crocodile's attack.
You take 6 damage, and have 53/123 hp.
You puncture the komodo dragon! You drain the komodo dragon!
You kill the komodo dragon!
Trog accepts your kill. The spiny frog barely misses you.
The bullfrog hits you but does no damage.
You closely miss the spiny frog.
The crocodile bites you but does no damage.
The bullfrog barely misses you. You block the spiny frog's attack.
You puncture the spiny frog! You block the bullfrog's attack.
The crocodile bites you!
You take 10 damage, and have 44/123 hp.
You puncture the spiny frog! You drain the spiny frog!
The spiny frog stings you!
* * * LOW HITPOINT WARNING * * *
You are poisoned.
The spiny frog poisons you!
You take 10 damage, and have 34/123 hp.
You puncture the spiny frog!
You feel sick. You block the bullfrog's attack. The spiny frog misses you.
The crocodile completely misses you.
You take 1 damage, and have 33/123 hp.
You barely miss the spiny frog.
You feel sick. You block the bullfrog's attack.
Your plate armour prevents you from hitting the spiny frog.
You are no longer berserk.
You are exhausted.
You feel yourself slow down. You block the spiny frog's attack.
The bullfrog closely misses you. You block the crocodile's attack.
You now have 22/82 hp.
You closely miss the spiny frog.
You feel sick. You block the bullfrog's attack. The spiny frog stings you!
* * * LOW HITPOINT WARNING * * *
The crocodile bites you!
You die...

...............#...#
......................#
................<.....#
......................#
........................
........................
........................
......FFt...........$...
.......@..............."
........................
......................
.....................
....................
............(......
..................
.................
................


You could see a spiny frog, a crocodile and a bullfrog.

Vanquished Creatures
  An ice dragon (IceCv)
  2 two-headed ogres
  An unseen horror (D:10)
  An ice statue (IceCv)
  2 rime drakes
  2 spiny frogs (Lair:1)
  2 komodo dragons
  A hippogriff (Lair:1)
  Sigmund (D:2)
  4 yaks
  3 hogs (D:7)
  A human (D:7)
  A basilisk (Lair:1)
  7 porcupines (Lair:1)
  3 water moccasins
  3 orc warriors
  5 sky beasts
  2 necrophages (D:9)
  4 phantoms
  A black bear (D:10)
  An ogre (D:6)
  15 ice beasts
  5 centaurs
  A big kobold (D:8)
  5 bullfrogs
  2 scorpions
  A troll zombie (D:10)
  4 wights (D:6)
  7 killer bees
  3 howler monkeys
  4 crimson imps
  2 quasits
  A bullfrog zombie (D:7)
  3 hounds
  3 orc priests
  A centaur skeleton (D:4)
  4 jellies
  3 orc wizards
  2 bullfrog skeletons
  4 iguanas
  8 worker ants
  A killer bee zombie (D:8)
  7 ogre zombies (D:10)
  2 worker ant zombies (D:9)
  4 gnolls (D:7)
  A river rat (D:6)
  15 adders
  2 shadow imps
  2 adder skeletons
  3 worms
  5 dart slugs
  5 leopard geckos
  29 orcs
  8 giant cockroaches
  5 hobgoblins
  12 jackals
  11 kobolds
  4 quokkas
  2 ball pythons
  14 bats
  6 frilled lizards
  5 goblins
  4 goblin skeletons (D:10)
  2 goblin zombies (D:10)
  2 hobgoblin skeletons (D:10)
  2 hobgoblin zombies (D:10)
  6 orc skeletons (D:10)
  9 orc zombies (D:10)
  A quokka skeleton (D:8)
  8 rats
303 creatures vanquished.

Vanquished Creatures (others)
  2 plants (Lair:1)
  16 toadstools (D:3)
18 creatures vanquished.

Grand Total: 321 creatures vanquished

Notes
Turn   | Place    | Note
-------+----------+-------------------------------------------
     0 | D:1      | mhoghedin the Halfling Fighter began the quest for the Orb.
     0 | D:1      | Reached XP level 1. HP: 15/15 MP: 1/1
   116 | D:1      | Reached XP level 2. HP: 15/20 MP: 2/2
   297 | D:1      | Reached XP level 3. HP: 24/25 MP: 3/3
   320 | D:1      | Reached skill level 1 in Dodging
   509 | D:2      | Reached skill level 3 in Fighting
   539 | D:2      | Noticed Sigmund
   560 | D:2      | Killed Sigmund
   560 | D:2      | Reached skill level 3 in Long Blades
   560 | D:2      | Reached skill level 4 in Armour
   560 | D:2      | Reached skill level 2 in Dodging
   560 | D:2      | Reached skill level 4 in Shields
   560 | D:2      | Reached XP level 4. HP: 28/31 MP: 4/4
   560 | D:2      | Reached XP level 5. HP: 33/36 MP: 5/5
   560 | D:2      | Reached XP level 6. HP: 39/42 MP: 6/6
  1404 | D:3      | Found a deep blue altar of Sif Muna.
  1661 | D:3      | Noticed Kite's ghost (amateur MiBe)
  1907 | D:4      | Noticed a phantom
  1921 | D:4      | Killed a phantom
  1921 | D:4      | Reached skill level 3 in Dodging
  1921 | D:4      | Reached XP level 7. HP: 47/47 MP: 7/7
  1966 | D:4      | Reached skill level 1 in Evocations
  2414 | D:5      | Entered Level 5 of the Dungeon
  2425 | D:5      | Reached skill level 4 in Fighting
  2449 | D:5      | Noticed a water moccasin
  2459 | D:5      | Killed a water moccasin
  2506 | D:5      | Reached skill level 4 in Long Blades
  2506 | D:5      | Reached skill level 5 in Shields
  2549 | D:5      | Reached skill level 5 in Armour
  2746 | D:5      | Reached XP level 8. HP: 31/54 MP: 9/9
  2919 | D:5      | Reached skill level 2 in Evocations
  3349 | D:5      | Reached skill level 4 in Dodging
  3633 | D:6      | Found Vuirer's Magic Scroll Emporium.
  3860 | D:6      | Reached skill level 3 in Evocations
  3860 | D:6      | Reached XP level 9. HP: 53/60 MP: 11/11
  3995 | D:6      | Reached skill level 5 in Fighting
  4002 | D:6      | Reached skill level 5 in Long Blades
  4002 | D:6      | Reached skill level 6 in Shields
  4051 | D:6      | Reached skill level 6 in Armour
  4207 | D:6      | Found a bloodstained altar of Trog.
  4283 | D:6      | Became a worshipper of Trog the Wrathful
  4307 | D:6      | Found Vam Zodu's Gadget Shop.
  4357 | D:6      | Found Yseicam's General Store.
  4531 | D:6      | Found Vuint's Gadget Shoppe.
  4613 | D:6      | Reached skill level 5 in Dodging
  4956 | D:7      | Found an opulent altar of Gozag.
  5124 | D:7      | Found a staircase to the Ecumenical Temple.
  5157 | D:7      | Reached skill level 4 in Evocations
  5164 | D:7      | Reached * piety under Trog
  5175 | D:7      | Reached XP level 10. HP: 53/68 MP: 13/13
  5399 | D:7      | Reached skill level 7 in Shields
  5422 | D:7      | Reached skill level 6 in Long Blades
  5422 | D:7      | Reached skill level 6 in Dodging
  5424 | D:7      | Reached skill level 7 in Armour
  5432 | D:7      | Reached skill level 6 in Fighting
  5542 | D:8      | Found the +6 Majin-Bo {vamp, Archmagi MP+6 Int+6}
  5878 | D:8      | Noticed a two-headed ogre
  5890 | D:8      | Killed a two-headed ogre
  6318 | D:9      | Reached ** piety under Trog
  6533 | D:9      | Reached skill level 7 in Dodging
  6699 | D:9      | Reached skill level 8 in Shields
  6720 | D:9      | Reached XP level 11. HP: 67/74 MP: 14/14
  6726 | D:9      | Reached skill level 7 in Long Blades
  6739 | D:9      | Noticed a two-headed ogre
  6767 | D:9      | Killed a two-headed ogre
  6767 | D:9      | Reached skill level 7 in Fighting
  6767 | D:9      | Reached skill level 8 in Armour
  6954 | D:9      | Found a sparkling altar of Nemelex Xobeh.
  7143 | D:10     | Entered Level 10 of the Dungeon
  7210 | D:10     | Found a staircase to the Orcish Mines.
  7304 | D:10     | Reached *** piety under Trog
  7460 | D:10     | Found Ryenorobu's Jewellery Shop.
  7614 | D:10     | Noticed a red ugly thing
  7840 | D:10     | Found Nedamum's Food Emporium.
  7864 | D:10     | Killed an unseen horror
  7926 | D:10     | Found a staircase to the Lair.
  8066 | Lair:1   | Entered Level 1 of the Lair of Beasts
  8113 | Lair:1   | Found a frozen archway.
  8120 | IceCv    | Entered an ice cave
  8227 | IceCv    | Reached skill level 8 in Dodging
  8227 | IceCv    | Reached skill level 5 in Evocations
  8698 | IceCv    | Reached skill level 9 in Shields
  8739 | IceCv    | Noticed an ice dragon
  8741 | IceCv    | Noticed an ice dragon
  8762 | IceCv    | Got a twitching golden ring
  8862 | IceCv    | Identified the ring of Poid {rC+++ rN+ MP+9 Str-5} (You found it in an ice cave)
  8883 | IceCv    | Killed an ice dragon
  8883 | IceCv    | Reached skill level 9 in Armour
  9163 | Lair:1   | Reached skill level 8 in Long Blades
  9226 | Lair:1   | Reached XP level 12. HP: 50/82 MP: 16/16
  9720 | Lair:1   | Reached skill level 8 in Fighting
 10520 | Lair:2   | Found a staircase to the Swamp.
 10551 | Lair:2   | HP: 20/82 [poisoned by a spiny frog]
 10551 | Lair:2   | HP: 6/82 [spiny frog (14)]
 10551 | Lair:2   | Slain by a crocodile

Vault maps used:
D:1:      roderic_octagonal_star, minmay_tetromino_o2
D:2:      first_ration, minmay_misc_feat_columns, uniq_sigmund
D:3:      lemuel_doored_altar, tgw_fedhas
D:4:      kennysheep_generic_room_6
D:6:      serial_shops, nicolae_shop_waterfront, shop,
          nicolae_shop_window_shopping, shop_fountains, basic_altar,
          lightli_sewer_entry_pipes
D:7:      minmay_temple_entry_glassed_door, basic_altar, grunt_livestock
D:9:      nemelex_lonely_heart_becter
D:10:     lair_entry_dummy, zombieorc2_lemuel, serial_shops, nicolae_shop_trees,
          shop
Lair:1:   minmay_lair_oklob_tunnel, portal_ice_cave_entry_pillars_1,
          beast_lair_carwin_2, minmay_lair_oklob_chamber, grunt_megastairs_1
Lair:2:   lemuel_ratsnest, swamp_mist_pool, special_room
IceCv:    ice_cave_small_dragons

Skill      XL: |  1  2  3  4  5  6  7  8  9 10 11 12 |
---------------+-------------------------------------+-----
Dodging        | 2 3 4 5 7 8 |  8.7
Fighting       | 3 4 5 6 7 8 |  8.0
Long Blades    | 3 4 5 6 8 |  8.3
Armour         | 4 5 6 7 9 |  9.4
Shields        | 4 5 6 8 9 |  9.4
Evocations     | 1 3 4 5 |  5.9

Action                   |  1- 3 |  4- 6 |  7- 9 | 10-12 || total
-------------------------+-------+-------+-------+-------++-------
Melee: Long sword        |    69 |   139 |   160 |    11 ||   379
       Short sword       |       |       |    90 |   286 ||   376
       Rapier            |       |       |   161 |   479 ||   640
Invok: Berserk           |       |       |       |     5 ||     5
       Trog's Hand       |       |       |       |     3 ||     3
 Abil: Evoke Berserk Rag |       |     1 |     9 |    13 ||    23
Evoke: Wand              |       |       |       |     4 ||     4
  Use: Potion            |     1 |       |     2 |     4 ||     7
       Scroll            |       |     6 |     5 |    13 ||    24
  Eat: Chunk             |       |     4 |    13 |     8 ||    25
       Ration            |       |       |     2 |     9 ||    11
Armor: Scale mail        |    23 |    58 |   109 |    63 ||   253
       Skin              |       |       |    10 |    16 ||    26
       Plate armour      |       |       |       |   217 ||   217
Dodge: Dodged            |    39 |    68 |   152 |   347 ||   606
Block: Shield            |    37 |    99 |   232 |   511 ||   879
       Rpst.: Long sword |    10 |    21 |    22 |       ||    53

Table legend:
 A = Spawn XP
 B = Non-spawn XP
 C = Spawn XP percentage of total XP
 D = Spawn monster count
 E = Non-spawn monster count
 F = Spawn count percentage of total count
 G = Total turns spent on level
                    A         B        C        D         E        F      G
               +---------+---------+-------+---------+---------+-------+---------
         Total |       0 |   18320 |   0.0 |       0 |     303 |   0.0 | 10551
               +---------+---------+-------+---------+---------+-------+---------
           D:1 |       0 |      44 |   0.0 |       0 |      21 |   0.0 |   507
           D:2 |       0 |     250 |   0.0 |       0 |      17 |   0.0 |   754
           D:3 |       0 |     108 |   0.0 |       0 |      28 |   0.0 |   427
           D:4 |       0 |     305 |   0.0 |       0 |      18 |   0.0 |   726
           D:5 |       0 |     742 |   0.0 |       0 |      24 |   0.0 |  1217
           D:6 |       0 |    1197 |   0.0 |       0 |      40 |   0.0 |  1075
           D:7 |       0 |    2062 |   0.0 |       0 |      27 |   0.0 |   950
           D:8 |       0 |    1815 |   0.0 |       0 |      24 |   0.0 |   642
           D:9 |       0 |    2721 |   0.0 |       0 |      26 |   0.0 |  1025
          D:10 |       0 |    1744 |   0.0 |       0 |      44 |   0.0 |   743
        Lair:1 |       0 |    3365 |   0.0 |       0 |      16 |   0.0 |  1674
        Lair:2 |       0 |     361 |   0.0 |       0 |       1 |   0.0 |    37
         IceCv |       0 |    3606 |   0.0 |       0 |      17 |   0.0 |   774
               +---------+---------+-------+---------+---------+-------+---------

Vault maps used:
D:1:      roderic_octagonal_star, minmay_tetromino_o2
D:2:      first_ration, minmay_misc_feat_columns, uniq_sigmund
D:3:      lemuel_doored_altar, tgw_fedhas
D:4:      kennysheep_generic_room_6
D:6:      serial_shops, nicolae_shop_waterfront, shop,
          nicolae_shop_window_shopping, shop_fountains, basic_altar,
          lightli_sewer_entry_pipes
D:7:      minmay_temple_entry_glassed_door, basic_altar, grunt_livestock
D:9:      nemelex_lonely_heart_becter
D:10:     lair_entry_dummy, zombieorc2_lemuel, serial_shops, nicolae_shop_trees,
          shop
Lair:1:   minmay_lair_oklob_tunnel, portal_ice_cave_entry_pillars_1,
          beast_lair_carwin_2, minmay_lair_oklob_chamber, grunt_megastairs_1
Lair:2:   lemuel_ratsnest, swamp_mist_pool, special_room
IceCv:    ice_cave_small_dragons

Table legend:
 A = Turns spent in this place as a percentage of turns spent in the entire game.
 B = Non-inter-level travel turns spent in this place as a percentage of non-inter-level travel turns spent in the entire game.
 C = Inter-level travel turns spent in this place as a percentage of turns spent in this place.
 D = Turns resting spent in this place as a percentage of non-inter-level travel turns spent in this place.
 E = Turns spent auto-exploring this place as a percentage of non-inter-level travel turns spent in this place.
 F = Non-inter-level travel turns spent in this place divided by the number of levels of this place that you've seen.
                   A       B       C       D       E      F
               +-------+-------+-------+-------+-------+----------------------
         Total | 100.0 | 100.0 |   2.7 |  24.5 |  49.3 | 789.6
       Dungeon |  76.4 |  75.9 |   3.4 |  18.6 |  54.7 | 779.4
          Lair |  16.2 |  16.5 |   0.8 |  40.0 |  44.8 | 848.5
      Ice Cave |   7.3 |   7.5 |   0.0 |  49.5 |   4.4 | 774.0
               +-------+-------+-------+-------+-------+----------------------

Table legend:
 A = Kills in this place as a percentage of kills in entire the game.
 B = Kills by you in this place as a percentage of kills by you in the entire game.
 C = Kills by friends in this place as a percentage of kills by friends in the entire game.
 D = Other kills in this place as a percentage of other kills in the entire game.
 E = Experience gained in this place as a percentage of experience gained in the entire game.
 F = Experience gained in this place divided by the number of levels of this place that you have seen.
                   A       B       C       D       E      F
               +-------+-------+-------+-------+-------+----------------------
         Total | 100.0 | 100.0 |   N/A |   N/A | 100.0 | 1409.2
       Dungeon |  88.8 |  88.8 |   N/A |   N/A |  60.0 | 1098.8
          Lair |   5.6 |   5.6 |   N/A |   N/A |  20.3 | 1863.0
      Ice Cave |   5.6 |   5.6 |   N/A |   N/A |  19.7 | 3606.0
               +-------+-------+-------+-------+-------+----------------------
